 Dungeon Crawl Stone Soup version 0.22.0-18-ge075c0d (webtiles) character file.

70 brik the Twirler (level 4, 0/37 HPs)
             Began as a Minotaur Gladiator on Aug 18, 2018.
             Slain by an adder (2 damage)
             ... on level 3 of the Dungeon.
             The game lasted 00:02:42 (1388 turns).

brik the Twirler (Minotaur Gladiator)               Turns: 1388, Time: 00:02:43

Health: 0/37       AC:  3    Str: 19    XL:     4   Next: 4%
Magic:  3/3        EV: 13    Int:  5    God:
Gold:   158        SH:  0    Dex: 12    Spells: 3/3 levels left

rFire    . . .     SeeInvis .   a - +0 quarterstaff
rCold    . . .     Gourm    .   (shield currently unavailable)
rNeg     . . .     Faith    .   b - +0 leather armour
rPois    .         Spirit   .   c - +0 hat
rElec    .         Reflect  .   (no cloak)
rCorr    .         Harm     .   (no gloves)
MR       .....                  (no boots)
Stlth    +.........             (no amulet)
HPRegen  0.12/turn              (no ring)
MPRegen  0.08/turn              (no ring)

@: lethally poisoned (0 -> -1), very slightly contaminated, hasted, invisible,
very quick
A: retaliatory headbutt, horns 2
a: no special abilities


You were on level 3 of the Dungeon.
You were hungry.

You visited 1 branch of the dungeon, and saw 3 of its levels.

You collected 158 gold pieces.

Inventory:

Hand Weapons
 a - a +0 quarterstaff (weapon)
Missiles
 d - 3 throwing nets (quivered)
Armour
 b - a +0 leather armour (worn)
 c - a +0 hat (worn)
 g - a +0 pair of gloves
Jewellery
 k - a +4 ring of intelligence {unknown}
Scrolls
 h - a scroll of enchant armour {unknown}
 i - a scroll of fog {unknown}
 j - 3 scrolls of identify {unknown}
 n - a scroll of noise {unknown}
 o - a scroll of teleportation {unknown}
Comestibles
 f - 3 rations


   Skills:
 - Level 2.4 Fighting
 + Level 6.0 Staves
 - Level 2.0 Throwing
 - Level 3.2 Dodging


You had 3 spell levels left.
You didn't know any spells.
Your spell library was empty.

Dungeon Overview and Level Annotations

Branches:
Dungeon (3/15)

Altars:
Kikubaaqudgha


Innate Abilities, Weirdness & Mutations

You reflexively headbutt those who attack you in melee.
You have a pair of horns on your head.


Message History

The adder is lightly wounded.
The adder bites you.
* * * LOW HITPOINT WARNING * * *
The giant cockroach closely misses you. You furiously retaliate!
You headbutt the giant cockroach.
You kill the giant cockroach!
It was a potion of haste.
You feel yourself speed up. The adder closely misses you. The adder misses you.
The adder bites you but does no damage.
You barely miss the adder. Your headbutt misses the adder.
The adder barely misses you.
You closely miss the adder. Your headbutt misses the adder.
You feel sick. The adder barely misses you. The adder misses you.
You closely miss the adder. The adder bites you.
* * * LOW HITPOINT WARNING * * *
The adder misses you. You furiously retaliate!
You headbutt the adder, but do no damage.
You are feeling hungry.
You barely miss the adder. Your headbutt misses the adder. The adder bites you.
You die...

. . ##) ####
.. ..
...###.### .
.. #....... .
#...#...†# .#
......S@# #.#
#######S###..#
#hh#.h# ##.<.#
#S...)##
##.....
#.(...$.
..........
..>.........


You could see 2 adders and 2 jackals.

Vanquished Creatures
  An adder (D:2)
  3 oozes (D:1)
  A dart slug (D:1)
  A leopard gecko (D:1)
  3 orcs
  2 bats (D:2)
  3 giant cockroaches
  4 goblins (D:1)
  4 hobgoblins
  4 jackals
  2 quokkas (D:2)
  A frilled lizard (D:2)
  6 kobolds
  3 rats
38 creatures vanquished.

Notes
Turn   | Place    | Note
-------+----------+-------------------------------------------
     0 | D:1      | brik the Minotaur Gladiator began the quest for the Orb.
     0 | D:1      | Reached XP level 1. HP: 18/18 MP: 0/0
    70 | D:1      | Reached skill level 4 in Staves
   224 | D:1      | Reached XP level 2. HP: 25/25 MP: 1/1
   496 | D:1      | Reached skill level 5 in Staves
   544 | D:1      | Reached XP level 3. HP: 26/30 MP: 2/2
   659 | D:2      | Found an ancient bone altar of Kikubaaqudgha.
   669 | D:2      | Noticed an ogre
  1353 | D:2      | Noticed an orc warrior
  1379 | D:3      | Reached XP level 4. HP: 9/37 MP: 3/3
  1379 | D:3      | Reached skill level 6 in Staves
  1388 | D:3      | Slain by an adder

Skill      XL: |  1  2  3  4 |
---------------+-------------+-----
Staves         | 4 5 6 |  6.0
Fighting       | |  2.4
Throwing       | |  2.0
Dodging        | |  3.2

Action                   |  1- 3 |  4- 6 || total
-------------------------+-------+-------++-------
Melee: Quarterstaff      |    68 |     7 ||    75
       Headbutt          |     8 |       ||     8
  Use: Scroll            |     1 |       ||     1
       Potion            |       |     2 ||     2
 Stab: Invisible         |       |     1 ||     1
  Eat: Chunk             |     1 |       ||     1
Armor: Leather armour    |    13 |     1 ||    14
Dodge: Dodged            |    54 |    11 ||    65
